 Dungeon Crawl Stone Soup version 0.29.1-2-gbd0b4ee654 (webtiles) character file.

Game seed: 14395454223112602960

875 RKaid the Shooter (level 8, -6/48 HPs)
             Began as a Tengu Hunter on Oct 23, 2022.
             Mangled by a vampire mosquito (8 damage)
             ... on level 7 of the Dungeon.
             The game lasted 00:14:55 (4158 turns).

RKaid the Shooter (Tengu Hunter)                    Turns: 4158, Time: 00:14:56

Health: -6/48      AC:  3    Str: 11    XL:     8   Next: 4%
Magic:  9/9        EV: 17    Int: 21    God:
Gold:   84         SH:  0    Dex: 21    Spells: 3/7 levels left

rFire   . . .      SeeInvis .   a - +0 shortbow (venom)
rCold   . . .      Faith    .   (shield currently unavailable)
rNeg    . . .      Spirit   .   e - +0 leather armour
rPois   .          Reflect  .   (helmet restricted)
rElec   .          Harm     .   (no cloak)
rCorr   .          Rampage  .   (no gloves)
Will    .....                   (boots unavailable)
Stlth   ++........              (no amulet)
HPRegen 0.16/turn               k - +6 ring of intelligence
MPRegen 0.11/turn               u - +6 ring of intelligence

@: flying quickly and evasively, quick
A: beak, talons 3, nimble flight
a: no special abilities


You were on level 7 of the Dungeon.
You visited 1 branch of the dungeon, and saw 8 of its levels.
You also visited: Ossuary.

You collected 186 gold pieces.
You spent 102 gold pieces at shops.

Inventory:

Hand Weapons
 a - a +0 shortbow of venom (weapon)
Armour
 e - a +0 leather armour (worn)
Jewellery
 g - a ring of willpower
   (You found it on level 1 of the Dungeon)
 k - a +6 ring of intelligence (left hand)
   (You found it on level 2 of the Dungeon)
 s - a ring of willpower
   (You found it on level 4 of the Dungeon)
 u - a +6 ring of intelligence (right hand)
   (You found it on level 4 of the Dungeon)
Wands
 v - a wand of flame (20)
   (You found it on level 7 of the Dungeon)
Scrolls
 b - 2 scrolls of immolation {!r}
 i - a scroll of blinking {unknown}
 j - a scroll of brand weapon
 l - a scroll of poison {unknown}
 p - a scroll of amnesia {unknown}
 r - a scroll of fear
 t - 3 scrolls of teleportation
 w - a scroll of magic mapping {!r}
 x - a scroll of butterflies {unknown}
 y - a scroll of torment {unknown}
Potions
 c - 2 potions of curing
 d - a potion of resistance {unknown}
 f - a potion of lignification {!q}
 h - a potion of brilliance {unknown}
 m - a potion of magic
 n - 2 potions of mutation {unknown}
 o - a potion of haste {unknown}
 q - a potion of invisibility {unknown}


   Skills:
 + Level 4.3 Fighting
 * Level 7.7 Ranged Weapons
 + Level 4.8 Dodging
 - Level 1.0 Stealth
 + Level 2.7 Summonings
 + Level 3.0 Air Magic


You had 3 spell levels left.
You knew the following spells:

 Your Spells              Type           Power      Damage    Failure   Level
a - Summon Lightning Spi  Summ/Air       12%        N/A       58%         4

Your spell library contained the following spells:

 Spells                   Type           Power      Damage    Failure   Level
 Call Imp                 Summ           11%        N/A       12%         2
 Magic Dart               Conj           0%         1d3       24%         1
 Necrotise                Necr           0%         1d4       24%         1
 Slow                     Hex            0%         N/A       24%         1
 Mephitic Cloud           Conj/Pois/Air  4%         N/A       43%         3
 Confusing Touch          Hex            0%         N/A       56%         3
 Vampiric Draining        Necr           0%         2d6       56%         3
 Agony                    Necr           0%         N/A       100%        5
 Storm Form               Tmut/Air       3%         N/A       100%        7
 Maxwell's Capacitive Co  Air            6%         ∞         100%        8


Dungeon Overview and Level Annotations

Branches:
Dungeon (8/15)            Ossuary (visited)
 Temple: D:4-7         Lair: D:8-11

Altars:
Nemelex Xobeh
Xom

Shops:
D:7 *?!

Annotations:
D:3 Sigmund
D:6 Maggie


Innate Abilities, Weirdness & Mutations

You have a beak for a mouth.
You have claws for feet.
Your magical nature lets you fly swiftly and evasively.


Message History

You shoot an arrow.
The arrow barely misses the howler monkey.
The howler monkey hoots and howls with incredible vigour!
You hear an angry buzzing noise. x2; You hear a howl!
You hear a shout! x4
You shoot an arrow.
The arrow barely misses the howler monkey.
The howler monkey barely misses you.
You shoot an arrow.
The arrow barely misses the howler monkey.
The howler monkey hits you. The howler monkey misses you.
You shoot an arrow. The arrow hits the howler monkey!
The howler monkey looks even sicker.
The howler monkey hoots and howls with incredible vigour!
You hear an angry buzzing noise.
You hear a shout! x2
You shoot an arrow. The arrow hits the howler monkey.
You kill the howler monkey!
You see here a howler monkey corpse.
A vampire mosquito comes into view.
Found a stone staircase leading up.
You shoot an arrow. The arrow hits the vampire mosquito!
The vampire mosquito misses you. The vampire mosquito barely misses you.
You shoot an arrow. The arrow hits the vampire mosquito.
The vampire mosquito barely misses you. The vampire mosquito bites you.
The vampire mosquito draws strength from your injuries!
The vampire mosquito bites you.
The vampire mosquito draws strength from your injuries!
You shoot an arrow. The arrow hits the vampire mosquito!
The vampire mosquito bites you.
The vampire mosquito draws strength from your injuries!
The vampire mosquito completely misses you.
You shoot an arrow. The arrow hits the vampire mosquito!
You hear an angry buzzing noise.
A vampire mosquito comes into view.
The vampire mosquito bites you but does no damage.
The vampire mosquito completely misses you.
A vampire mosquito comes into view.
You hear a shout!
As you read the scroll of teleportation, it crumbles to dust.
You feel strangely unstable.
The vampire mosquito completely misses you.
The vampire mosquito closely misses you.
You shoot an arrow. The arrow misses the vampire mosquito.
The vampire mosquito misses you. The vampire mosquito barely misses you.
You shoot an arrow. The arrow hits the vampire mosquito.
The vampire mosquito barely misses you. The vampire mosquito bites you!
The vampire mosquito draws strength from your injuries!
The vampire mosquito barely misses you.
You shoot an arrow. The arrow hits the vampire mosquito.
You destroy the vampire mosquito!
Your surroundings suddenly seem different.
Your Air Magic skill increases to level 3!
You have reached level 8!
You feel agile.
You start resting.
A vampire mosquito is nearby!
You shoot an arrow.
The arrow closely misses the vampire mosquito.
You shoot an arrow. The arrow misses the vampire mosquito.
The vampire mosquito bites you!
The vampire mosquito draws strength from your injuries!
You shoot an arrow. The arrow hits the vampire mosquito!
The vampire mosquito bites you!
The vampire mosquito draws strength from your injuries!
The vampire mosquito bites you but does no damage.
You are too injured to fight recklessly!
The vampire mosquito misses you.
You are too injured to fight recklessly!
Fire: a) +0 shortbow (venom)
Press: ? - help, Q - select action Shift-Dir - straight line, f/p - vampire mosquito
Aim: a vampire mosquito (lightly damaged, 52% to hit)
You shoot an arrow. The arrow hits the vampire mosquito.
The vampire mosquito bites you.
The vampire mosquito draws strength from your injuries!
The vampire mosquito closely misses you.
Fire: a) +0 shortbow (venom)
Press: ? - help, Q - select action Shift-Dir - straight line, f/p - vampire mosquito
Aim: a vampire mosquito (lightly damaged, 52% to hit)
You shoot an arrow.
The arrow completely misses the vampire mosquito.
The vampire mosquito barely misses you.
The vampire mosquito closely misses you.
Fire: a) +0 shortbow (venom)
Press: ? - help, Q - select action Shift-Dir - straight line, f/p - vampire mosquito
Aim: a vampire mosquito (lightly damaged, 52% to hit)
You shoot an arrow.
The arrow closely misses the vampire mosquito.
The vampire mosquito bites you!
* * * LOW HITPOINT WARNING * * *
The vampire mosquito draws strength from your injuries!
The vampire mosquito misses you.
Fire: a) +0 shortbow (venom)
Press: ? - help, Q - select action Shift-Dir - straight line, f/p - vampire mosquito
Aim: a vampire mosquito (52% to hit)
You shoot an arrow.
The arrow closely misses the vampire mosquito.
The vampire mosquito bites you!
* * * LOW HITPOINT WARNING * * *
The vampire mosquito draws strength from your injuries!
The vampire mosquito misses you. The vampire mosquito bites you!
You die...

,* *,*
#...##†..###.##........ ,*
*,* #######.####.........##
,***,*
######............#######
,,,*,***#.........####.##.#
* ,.,,,,,...####.####
#....# * ,....#########.#
#.#### * ,........Y...#.#
#.#
,.........##.#.#######.#
,...#####.##.#..@y.....#
,.,** #.##.#.###.###.# ****
#.##.#.# #.# *,* ,******
#.##.#.###.###.# ##
,,,,,,**#.##.#.#...>...# #§
*****,*,..##.#.#.#.###.# #.
,,,,*,,,***#...#.#.# *,* #.
***,*,,,* ##..#.#.###.# #≈
,,*,*,*,* #..........# #.


You could see a vampire mosquito.

Vanquished Creatures
  A vampire mosquito (D:7)
  An ice beast (D:7)
  A phantom (D:7)
  A necrophage (D:4)
  A bullfrog (D:7)
  A howler monkey (D:7)
  2 jellies (D:4)
  2 bullfrog zombies (Ossuary)
  An iguana (D:7)
  5 mummies (Ossuary)
  2 orc wizards
  4 adders
  An ufetubus (D:7)
  A worm (D:4)
  A dart slug (D:2)
  5 orcs
  3 ball pythons
  2 endoplasms
  4 goblins
  7 hobgoblins
  5 jackals (D:2)
  3 quokkas
  3 bats
  3 frilled lizards
  7 kobolds
  8 rats
75 creatures vanquished.

Vanquished Creatures (others)
  10 withered plants (Ossuary)
10 creatures vanquished.

Grand Total: 85 creatures vanquished

Notes
Turn   | Place    | Note
-------+----------+-------------------------------------------
     0 | D:1      | RKaid the Tengu Hunter began the quest for the Orb.
     0 | D:1      | Reached XP level 1. HP: 12/12 MP: 2/2
   122 | D:1      | Found a faded altar of an unknown god.
   555 | D:1      | Reached XP level 2. HP: 17/17 MP: 3/3
   713 | D:2      | Reached XP level 3. HP: 9/22 MP: 4/4
   777 | D:2      | Reached skill level 5 in Ranged Weapons
  1483 | D:2      | Reached XP level 4. HP: 27/27 MP: 5/5
  1498 | D:2      | Reached skill level 3 in Dodging
  1909 | D:3      | Found a shimmering altar of Xom.
  1916 | D:3      | Noticed Sigmund
  2172 | D:4      | Noticed a necrophage
  2377 | D:4      | HP: 5/25 [necrophage (5)]
  2379 | D:4      | HP: 2/24 [necrophage (4)]
  2609 | D:3      | Gained mutation: Your magical nature lets you fly swiftly
                  | and evasively. [Tengu growth]
  2609 | D:3      | Reached XP level 5. HP: 28/29 MP: 6/6
  2692 | D:3      | Reached skill level 3 in Fighting
  2856 | D:4      | Reached skill level 6 in Ranged Weapons
  2927 | D:4      | Reached XP level 6. HP: 31/37 MP: 7/7
  3181 | D:4      | Found a sparkling altar of Nemelex Xobeh.
  3257 | D:4      | Learned a level 4 spell: Summon Lightning Spire
  3263 | D:5      | Entered Level 5 of the Dungeon
  3263 | D:5      | You are sucked into a shaft and drop 3 floors!
  3307 | D:7      | Reached skill level 4 in Dodging
  3344 | D:7      | Noticed an ice beast
  3357 | D:7      | Killed an ice beast
  3358 | D:7      | Reached skill level 1 in Summonings
  3358 | D:7      | Reached skill level 1 in Air Magic
  3358 | D:7      | Reached XP level 7. HP: 38/42 MP: 8/8
  3425 | D:7      | Found Xauxeth's General Store.
  3449 | D:7      | Found Paofoeth's Distillery.
  3452 | D:7      | Bought a potion of heal wounds for 60 gold pieces
  3476 | D:6      | Found a sand-covered staircase.
  3484 | Ossuary  | Entered an ossuary
  3508 | Ossuary  | Reached skill level 7 in Ranged Weapons
  3513 | Ossuary  | HP: 2/42 [bog mummy/puff of frost (10)]
  3525 | Ossuary  | Reached skill level 2 in Air Magic
  3653 | Ossuary  | Reached skill level 4 in Fighting
  3679 | D:6      | HP: 10/43 [mummy (16)]
  3917 | D:7      | Reached skill level 2 in Summonings
  3937 | D:7      | Found Osudwavu's Magic Scroll Emporium.
  3951 | D:7      | Bought a scroll of teleportation for 42 gold pieces
  3978 | D:6      | Noticed Maggie
  4043 | D:7      | Noticed a vampire mosquito
  4048 | D:7      | Noticed a vampire mosquito
  4048 | D:7      | Noticed a vampire mosquito
  4052 | D:7      | Killed a vampire mosquito
  4053 | D:7      | Reached skill level 3 in Air Magic
  4053 | D:7      | Reached XP level 8. HP: 24/48 MP: 9/9
  4158 | D:7      | HP: 2/48 [vampire mosquito (11)]
  4158 | D:7      | Mangled by a vampire mosquito

Illustrated notes

Levels and vault maps discovered:
D:1:      ncdulo_halloftheorcs, layout_loops_cross,
          shapermc_ecumenical_altar_ellora, hex_tiny, grunt_decor_mini_mirrors
D:2:      layout_rooms, ebering_dispersal_statue_hall, due_unseen_surprise
D:3:      layout_rooms, mainiacjoe_overflow_brackets, uniq_sigmund
D:4:      layout_cave_pools, general_overflow_altar, supply_closet_lemuel,
          hangedman_decor_points, solitary_fountain
D:5:      layout_rooms, mainiacjoe_overflow_surrounded_room,
          lemuel_crystal_altar, minmay_temple_entry_from_below_a, serial_shops,
          nicolae_diamond_shop, chequers_serial_rivers_room_b
D:6:      layout_basic, nicolae_vehumet_altar_sigil,
          nicolae_ossuary_entry_ruins, chequers_garden, uniq_menkaure,
          uniq_maggie, uniq_crazy_yiuf_cottage
D:7:      layout_loops_ring, serial_shops, nicolae_shop_advertising_works
          [nicolae_subvault_shop_adworks], nicolae_diamond_shop,
          nicolae_inconvenience_store, nicolae_shop_window_shopping
D:8:      layout_gridville

Skill      XL: |  1  2  3  4  5  6  7 |
---------------+----------------------+-----
Ranged Weapons | 5 6 7 |  7.7
Dodging        | 3 4 |  4.8
Fighting       | 3 4 |  4.3
Summonings     | 1 2 |  2.7
Air Magic      | 1 3 |  3.0
Stealth        | |  1.0

Action                   |  1- 3 |  4- 6 |  7- 9 || total
-------------------------+-------+-------+-------++-------
 Fire: Shortbow          |    86 |   109 |    92 ||   287
Evoke: Wand              |       |       |     2 ||     2
  Use: Scroll            |     2 |     4 |     3 ||     9
       Potion            |     1 |     1 |     1 ||     3
Armor: Leather armour    |     9 |    10 |    10 ||    29
       Skin              |    13 |       |       ||    13
Dodge: Dodged            |    36 |    24 |    52 ||   112

Table legend: (Time is in decaauts)
 A = Elapsed time spent in this place.
 B = Non-inter-level travel time spent in this place.
 C = Inter-level travel time spent in this place.
 D = Time resting spent in this place.
 E = Time spent auto-exploring this place.
 F = Levels seen in this place.
 G = Mean time per level.
                   A        B        C        D        E       F      G
               +--------+--------+--------+--------+--------+-----+--------+
         Total |   4162 |   3946 |    216 |   1245 |   1406 |   9 |  462.4 |
       Dungeon |   3959 |   3743 |    216 |   1125 |   1406 |   8 |  494.9 |
       Ossuary |    202 |    202 |      0 |    120 |      0 |   1 |  202.0 |
               +--------+--------+--------+--------+--------+-----+--------+

Top non-repeatable levels by time:
     D:2: 1052 daAuts
     D:4: 827 daAuts
     D:3: 717 daAuts
     D:1: 677 daAuts
     D:7: 625 daAuts
 Ossuary: 202 daAuts
     D:6: 44 daAuts
     D:8: 15 daAuts

Table legend:
 A = Kills in this place as a percentage of kills in entire the game.
 B = Kills by you in this place as a percentage of kills by you in the entire game.
 C = Kills by friends in this place as a percentage of kills by friends in the entire game.
 D = Other kills in this place as a percentage of other kills in the entire game.
 E = Experience gained in this place as a percentage of experience gained in the entire game.
 F = Experience gained in this place divided by the number of levels of this place that you have seen.
                   A       B       C       D       E      F
               +-------+-------+-------+-------+-------+----------------------
         Total | 100.0 | 100.0 |   N/A |   N/A | 100.0 | 138.9
       Dungeon |  90.7 |  90.7 |   N/A |   N/A |  80.9 | 126.4
       Ossuary |   9.3 |   9.3 |   N/A |   N/A |  19.1 | 239.0
               +-------+-------+-------+-------+-------+----------------------
